 Dungeon Crawl Stone Soup version 0.18.1-5-g4a78601 (webtiles) character file.

110 Scarto the Ducker (level 4, -9/34 HPs)
             Began as a Demonspawn Gladiator on May 10, 2016.
             Was a Follower of Nemelex Xobeh.
             Killed by divine providence
             ... invoked by an orc priest
              (14 damage)
             ... on level 3 of the Dungeon.
             The game lasted 00:04:17 (1572 turns).

Scarto the Ducker (Demonspawn Gladiator)            Turns: 1572, Time: 00:04:19

Health: -9/34      AC: 15    Str: 16    XL:     4   Next: 61%
Magic:  4/4        EV:  8    Int:  9    God:    Nemelex Xobeh [*.....]
Gold:   84         SH:  0    Dex: 13    Spells: 0 memorised, 3 levels left

rFire  . . .     SeeInvis .     a - +0 war axe
rCold  . . .     Gourm    .     k - +0 chain mail
rNeg   . . .     Faith    .     (no shield)
rPois  .         Spirit   .     l - +1 helmet
rElec  .         Dismiss  .     (no cloak)
rCorr  .         Reflect  .     b - +0 pair of gloves
SustAt .         Harm     .     (no boots)
MR     .....                    (no amulet)
Stlth  ..........               (no ring)
                                (no ring)

@: not resistant to hostile enchantments, extremely unstealthy
A: rough black scales 1
a: Renounce Religion


You were on level 3 of the Dungeon.
You worshipped Nemelex Xobeh.
Nemelex Xobeh was aware of your devotion.
You were not hungry.

You visited 1 branch of the dungeon, and saw 3 of its levels.

You collected 84 gold pieces.

Inventory:

Hand Weapons
 a - a +0 war axe (weapon)
Missiles
 d - 3 throwing nets (quivered)
Armour
 b - a +0 pair of gloves (worn)
 k - a +0 chain mail (worn)
 l - a +1 helmet (worn)
Jewellery
 o - an uncursed ring of resist corrosion {unknown}
Scrolls
 c - 2 scrolls of immolation {unknown}
 h - 4 scrolls of identify {unknown}
 j - 2 scrolls of fear {unknown}
 r - a scroll of amnesia {unknown}
Potions
 e - a potion of brilliance {unknown}
 i - a potion of curing {unknown}
 m - a potion of haste {unknown}
 p - a potion of degeneration {unknown}
 q - a potion of agility {unknown}
Comestibles
 f - a bread ration
 g - a royal jelly
 n - 2 meat rations
 s - a beef jerky
 t - 5 chunks of flesh


   Skills:
 + Level 2.7 Fighting
 + Level 3.3 Axes
 + Level 1.9 Throwing
 + Level 1.3 Armour
 + Level 3.5 Dodging
 + Level 0.4 Evocations


You had 3 spell levels left.
You didn't know any spells.

Dungeon Overview and Level Annotations

Branches:
Dungeon (3/15)

Altars:
Nemelex Xobeh
Qazlal


Innate Abilities, Weirdness & Mutations

You are partially covered in rough black scales (AC +4, Dex -1).


Message History

You hit the orc.
You kill the orc!
The orc barely misses you.
The orc priest hits you but does no damage.
The orc priest mumbles some strange prayers to Beogh against you.
Beogh smites you!
* * * LOW HITPOINT WARNING * * *
The orc barely misses you.
You are too injured to fight recklessly!
Unknown command.
You are too injured to fight recklessly!
Unknown command.
You hit the orc priest.
The orc priest is moderately wounded.
You hit the orc.
You kill the orc!
The orc priest invokes the aid of Beogh against you.
Beogh smites you!
You die...
Your body disappears without a glow.

..... #...# #...# # #...#
#.# #####...########... .
#...........#..... .####
..............# ......
#...........o)####...###.
###.#...#.>.)@...........
#.#...#.##).#..#..[##.# #
#...#.##.........##.#
#...#.##.........##.######
......#####..#.####.......
###.##.#####..#.........###
.. #......))###.##.##.##.
.#######.###.##.##.##. .
#........##.##.


You could see an orc priest.

Vanquished Creatures
  An orc priest (D:3)
  A worm (D:3)
  8 orcs (D:3)
  A giant cockroach (D:3)
  9 goblins
  9 hobgoblins
  3 jackals (D:1)
  5 kobolds
  A quokka (D:2)
  A ball python (D:3)
  6 bats
  A giant newt (D:1)
  6 rats
52 creatures vanquished.

Vanquished Creatures (collateral kills)
  Robin (D:2)
  6 goblins (D:2)
  2 hobgoblins (D:2)
  A quokka (D:2)
  A rat (D:2)
11 creatures vanquished.

Vanquished Creatures (others)
  A hobgoblin (D:2)
1 creature vanquished.

Grand Total: 64 creatures vanquished

Notes
Turn   | Place    | Note
--------------------------------------------------------------
     0 | D:1      | Scarto the Demonspawn Gladiator began the quest for the Orb.
     0 | D:1      | Reached XP level 1. HP: 16/16 MP: 1/1
    79 | D:1      | Gained mutation: You are partially covered in rough black scales (AC +4, Dex -1). [demonic ancestry]
    79 | D:1      | Reached XP level 2. HP: 18/22 MP: 2/2
   333 | D:1      | Found a sparkling altar of Nemelex Xobeh.
   408 | D:1      | Became a worshipper of Nemelex Xobeh the Trickster
   440 | D:1      | Received a gift from Nemelex Xobeh
   803 | D:2      | You fall through a shaft!
   819 | D:3      | Reached XP level 3. HP: 24/27 MP: 3/3
   885 | D:2      | Noticed Robin
   911 | D:2      | Killed Robin
  1341 | D:2      | Reached * piety under Nemelex Xobeh
  1393 | D:2      | Found a stormy altar of Qazlal.
  1451 | D:3      | Reached skill level 1 in Armour
  1515 | D:3      | Reached XP level 4. HP: 34/34 MP: 4/4
  1572 | D:3      | Killed from afar by an orc priest

Skill      XL: |  1  2  3 |
---------------+----------+-----
Dodging        | 3 |  3.5
Axes           | 3 |  3.3
Armour         | 1 |  1.3
Fighting       | |  2.7
Throwing       | |  1.9
Evocations     | |  0.4

Action                   |  1- 3 |  4- 6 || total
-------------------------+-------+-------++-------
Melee: War axe           |   127 |    16 ||   143
Evoke: Deck              |     6 |       ||     6
  Eat: Bread ration      |     1 |       ||     1
       Chunk             |     1 |       ||     1
Armor: Leather armour    |    10 |       ||    10
       Chain mail        |    91 |    13 ||   104
Dodge: Dodged            |    75 |    13 ||    88
